 Dungeon Crawl Stone Soup version 0.27-a0-887-gcab673c142 (webtiles) character file.

Game seed: 455814734413501390

53 timneilson the Covered (level 3, 0/23 HPs)
             Began as a Gargoyle Fighter on Apr 5, 2021.
             Slain by Sigmund
             ... wielding a +0 scythe
              (2 damage)
             ... on level 2 of the Dungeon.
             The game lasted 00:01:31 (1544 turns).

timneilson the Covered (Gargoyle Fighter)           Turns: 1544, Time: 00:01:32

Health: 0/23       AC: 10    Str: 20    XL:     3   Next: 87%
Magic:  3/3        EV:  7    Int:  8    God:
Gold:   54         SH:  9    Dex:  9    Spells: 2/2 levels left

rFire    . . .     SeeInvis .   a - +0 long sword
rCold    . . .     Faith    .   c - +0 kite shield
rNeg     + . .     Spirit   .   b - +0 scale mail
rPois    ∞         Reflect  .   (no helmet)
rElec    +         Harm     .   (no cloak)
rCorr    .         Rampage  .   (no gloves)
Will     .....                  (no boots)
Stlth    ..........             (no amulet)
HPRegen  0.07/turn              (no ring)
MPRegen  0.08/turn              (no ring)

@: no status effects
A: AC +3, negative energy resistance 1, electricity resistance, torment
resistance 1, unbreathing 1, petrification resistance
a: no special abilities


You were on level 2 of the Dungeon.
You visited 1 branch of the dungeon, and saw 2 of its levels.

You collected 54 gold pieces.

Inventory:

Hand Weapons
 a - a +0 long sword (weapon)
Armour
 b - a +0 scale mail (worn)
 c - a +0 kite shield (worn)
Scrolls
 g - a scroll of acquirement {unknown}
 h - a scroll of blinking {unknown}
 i - a scroll of identify {unknown}
Potions
 d - a potion of might
 e - 2 potions of haste {unknown}
 f - 3 potions of curing {unknown}


   Skills:
 + Level 3.5 Fighting
 * Level 2.3 Long Blades
 * Level 4.0 Armour
 * Level 3.9 Shields


You had 2 spell levels left.
You didn't know any spells.
Your spell library was empty.

Dungeon Overview and Level Annotations

Branches:
Dungeon (2/15)

Altars:

Shops:
D:1 !

Annotations:
D:2 Sigmund


Innate Abilities, Weirdness & Mutations

Your stone body is resilient. (AC +3)
You are immune to poison.
You resist negative energy. (rN+)
You are resistant to electric shocks. (rElec)
You are resistant to unholy torment.
You can survive without breathing.
You are immune to petrification.


Message History

You block something's attack.
No target in view!
No target in view!
No target in view!
No target in view!
No target in view!
No target in view!
No target in view!
No target in view!
No target in view!
No target in view!
No target in view!
No target in view!
No target in view!
No target in view!
No target in view!
No target in view!
No target in view!
No target in view!
No target in view!
No target in view!
Unknown command.
You hear some strange, mumbled words.
A magic dart appears from out of thin air!
The magic dart hits you but does no damage.
Found a stone staircase leading down.
Things that are here:
a jackal corpse; a jackal corpse You barely miss something.
Something hits you. Something hits you but does no damage.
You slash something! Something hits you!
* * * LOW HITPOINT WARNING * * *
You closely miss something. Something hits you.
* * * LOW HITPOINT WARNING * * *
You block something's attack.
You miss something. Something hits you.
* * * LOW HITPOINT WARNING * * *
You closely miss something. Something hits you but does no damage.
Something hits you.
You die...

###### .....# .....#
### ### ## .....#
.#...#.. .....#
..#.#.# .....#
#.#.#.#
...).#######.#.....#
...............{.:>#
.....#######.# #@#
.....#######.###<#.#
.##†..........$..).#
.##.###........#####
.##.# #........#
....# #........#
....# ##.......#
....# ###.#.###
....########.#


There were no monsters in sight!

Vanquished Creatures
  An adder (D:2)
  A worm (D:2)
  2 dart slugs (D:2)
  A ball python (D:2)
  3 endoplasms
  2 giant cockroaches (D:2)
  6 goblins
  2 hobgoblins
  5 jackals
  3 kobolds
  A quokka (D:2)
  3 bats
  3 rats
33 creatures vanquished.

Notes
Turn   | Place    | Note
-------+----------+-------------------------------------------
     0 | D:1      | timneilson the Gargoyle Fighter began the quest for the
                  | Orb.
     0 | D:1      | Reached XP level 1. HP: 14/14 MP: 1/1
   407 | D:1      | Found Tuizxiow's Distillery.
   488 | D:1      | Reached XP level 2. HP: 19/19 MP: 2/2
  1186 | D:2      | Reached XP level 3. HP: 21/23 MP: 3/3
  1531 | D:2      | Noticed Sigmund
  1537 | D:2      | Reached skill level 4 in Armour
  1544 | D:2      | Slain by Sigmund

Illustrated notes

Levels and vault maps discovered:
D:1:      saegor_arrival_simple_a, layout_loops_ring, serial_shops, shop,
          hangedman_abyss_or_decor_lesser_grid, minivault_19
D:2:      layout_basic, basic_altar, kennysheep_generic_room_12, uniq_sigmund

Skill      XL: |  1  2  3 |
---------------+----------+-----
Long Blades    | 2 |  2.3
Armour         | 4 |  4.0
Fighting       | |  3.5
Shields        | |  3.9

Action                   || total
-------------------------++-------
Melee: Long sword        ||    89
  Use: Scroll            ||     1
Armor: Scale mail        ||    39
Dodge: Dodged            ||    32
Block: Kite shield       ||    51
       Rpst.: Long sword ||     7

Table legend: (Time is in decaauts)
 A = Elapsed time spent in this place.
 B = Non-inter-level travel time spent in this place.
 C = Inter-level travel time spent in this place.
 D = Time resting spent in this place.
 E = Time spent auto-exploring this place.
 F = Levels seen in this place.
 G = Mean time per level.
                   A        B        C        D        E       F      G
               +--------+--------+--------+--------+--------+-----+--------+
         Total |   1590 |   1565 |     25 |      0 |   1335 |   2 |  795.0 |
       Dungeon |   1590 |   1565 |     25 |      0 |   1335 |   2 |  795.0 |
               +--------+--------+--------+--------+--------+-----+--------+

Top non-repeatable levels by time:
     D:1: 1076 daAuts
     D:2: 513 daAuts
